 Dungeon Crawl Stone Soup version 0.30-a0-777-ga9a30cbeda (webtiles) character file.

Game seed: 5026659138479147007

1316 Crownlay the Purveyor of Pain (level 8, -2/52 HPs)
             Began as a Demonspawn Necromancer on Feb 13, 2023.
             Was an Initiate of Kikubaaqudgha.
             Killed by nerve-wracking pain
             ... invoked by Grinder
              (8 damage)
             ... on level 6 of the Dungeon.
             The game lasted 00:11:38 (6551 turns).

Crownlay the Purveyor of Pain (DsNe)                Turns: 6551, Time: 00:11:39

Health: -2/52      AC:  7    Str:  9    XL:     8   Next: 33%
Magic:  19/19      EV: 12    Int: 18    God:    Kikubaaqudgha [......]
Gold:   189        SH:  0    Dex: 14    Spells: 16/21 levels left

rFire   . . .      SeeInvis .    y - +2 short sword (freeze)
rCold   . . .      Faith    .    (no shield)
rNeg    . . .      Spirit   .    a - +0 robe
rPois   .          Reflect  .    C - +0 helmet
rElec   .          Harm     .    (no cloak)
rCorr   .          Rampage  .    l - +0 pair of gloves
Will    .....                    w - +0 pair of boots
Stlth   ++                       s - amulet of magic regeneration
HPRegen 0.28/turn                B - ring of wizardry
MPRegen 0.56/turn                (no ring)

@: no status effects
A: claws 1, thin metallic scales 1, powered by death 1
a: Renounce Religion


You were on level 6 of the Dungeon.
You worshipped Kikubaaqudgha.
Kikubaaqudgha was noncommittal.
You visited 2 branches of the dungeon, and saw 7 of its levels.

You collected 254 gold pieces.
You spent 65 gold pieces at shops.

Inventory:

Hand Weapons
 y - a +2 short sword of freezing (weapon)
Armour
 a - a +0 robe (worn)
 l - a +0 pair of gloves (worn)
 w - a +0 pair of boots (worn)
 C - a +0 helmet (worn)
Jewellery
 s - an amulet of magic regeneration (around neck)
 A - a ring of ice
 B - a ring of wizardry (left hand)
Wands
 r - a wand of digging (6)
Scrolls
 g - 3 scrolls of enchant weapon
 h - a scroll of enchant armour {unknown}
 i - 2 scrolls of silence {unknown}
 j - 2 scrolls of acquirement {unknown}
 k - 4 scrolls of fear
 m - a scroll of magic mapping {unknown}
 n - 2 scrolls of poison {unknown}
 p - 6 scrolls of teleportation
 u - a scroll of amnesia {unknown}
Potions
 b - a potion of magic
 c - 2 potions of haste {unknown}
 d - 5 potions of curing
 e - a potion of might
 f - a potion of resistance {unknown}
 o - 2 potions of attraction {unknown}
 q - a potion of invisibility {unknown}
 t - 5 potions of flight {unknown}
 v - a potion of degeneration {unknown}
 x - a potion of heal wounds
 z - a potion of brilliance {unknown}


   Skills:
 - Level 1.7 Dodging
 - Level 1.7 Stealth
 * Level 7.4 Spellcasting
 + Level 7.4 Necromancy
 + Level 3.0 Ice Magic


You had 16 spell levels left.
You knew the following spells:

 Your Spells              Type           Power      Damage    Failure   Level
a - Necrotise             Necr           100%       1d9       1%          1
b - Animate Dead          Necr           33%        N/A       1%          4

Your spell library contained the following spells:

 Spells                   Type           Power      Damage    Failure   Level
 Vampiric Draining        Necr           33%        2d8       1%          3
 Frozen Ramparts          Ice            34%        1d6       3%          3
 Lesser Beckoning         Tloc           12%        N/A       6%          2
 Agony                    Necr           33%        N/A       6%          5
 Gell's Gravitas          Tloc           6%         N/A       12%         3
 Teleport Other           Tloc           6%         N/A       12%         3
 Ice Form                 Ice/Tmut       12%        N/A       22%         4
 Summon Ice Beast         Ice/Summ       12%        N/A       22%         4


Dungeon Overview and Level Annotations

Branches:
Dungeon (6/15)             Temple (1/1) D:6

Altars:
Ashenzari
Cheibriados
Fedhas
Hepliaklqana
Kikubaaqudgha
Makhleb
Nemelex Xobeh
Okawaru
Qazlal
Ru
Sif Muna
Trog
Uskayaw
Wu Jian
Xom

Shops:
D:2 ?   D:4 :

Annotations:
D:2 1 runed translucent door, Crazy Yiuf
D:3 3 runed translucent doors, tilp's ghost, novice MeFi
D:6 Grinder


Innate Abilities, Weirdness & Mutations

You have sharp fingernails.
You are partially covered in thin metallic scales. (AC +2)
You regenerate a little health from kills.


Message History

You can move again.
You closely miss Grinder.
Grinder is severely wounded.
Your adder zombie bites Grinder.
Grinder closely misses you.
Unknown command.
You barely miss Grinder.
Grinder is severely wounded.
Your adder zombie bites Grinder but does no damage.
Grinder hits your adder zombie.
Your adder zombie is destroyed!
You hit Grinder.
Grinder is severely wounded.
Grinder blinks!
Unknown command.
Okay, then.
You are too injured to fight recklessly!
You hit Grinder.
Grinder is severely wounded.
Grinder gestures at you.
You struggle to resist.
You barely miss Grinder.
Grinder is severely wounded.
Grinder blinks!
Grinder blinks!
Grinder gestures at you. Pain shoots through your body!
* * * LOW HITPOINT WARNING * * *
Grinder gestures at you. Pain shoots through your body!
* * * LOW HITPOINT WARNING * * *
Grinder hits you.
* * * LOW HITPOINT WARNING * * *
You writhe in agony.
* * * LOW HITPOINT WARNING * * *
You hit Grinder.
Grinder is almost dead.
Grinder gestures at you. Pain shoots through your body!
You die...
Kikubaaqudgha rasps: "You have failed me!
Welcome... death!"

..###.#.........#..##..#
###...##.#.....#########
.......#.......#.......
##..>..##......'.......
.#........#....######+#
.##...###..........#
..#.###...##.......#
..#.#...## #.....>.#
#......## #....@5.+
...#....# #.......#
.....##.# #.......#
...#....# #.......#
...#....# #########
...#....# ...+....#####
...#........#
...#........#


You could see Grinder.

Vanquished Creatures
  Sigmund (D:2)
  An ice beast (D:5)
  A black bear (D:4)
  2 centaurs (D:5)
  2 necrophages (D:4)
  2 scorpions
  A wight (D:6)
  A hound (D:4)
  Jessica (D:2)
  3 iguanas
  3 orc wizards
  4 gnolls (D:4)
  6 adders
  2 worms (D:2)
  A dart slug (D:3)
  13 orcs
  9 ball pythons
  4 bats
  7 endoplasms
  7 giant cockroaches
  4 goblins
  8 hobgoblins
  2 jackals (D:1)
  A quokka (D:2)
  5 frilled lizards
  3 kobolds (D:3)
  3 rats
97 creatures vanquished.

Vanquished Creatures (collateral kills)
  An ogre (D:5)
  A hound (D:6)
  An adder (D:5)
  An ufetubus (D:5)
  An orc (D:4)
  A jackal (D:1)
6 creatures vanquished.

Vanquished Creatures (others)
  A centaur zombie (D:5)
  2 adder zombies
  2 orc zombies (D:5)
  A fungus (D:2)
6 creatures vanquished.

Grand Total: 109 creatures vanquished

Notes
Turn   | Place    | Note
-------+----------+-------------------------------------------
     0 | D:1      | Crownlay the Demonspawn Necromancer began the quest for the
                  | Orb.
     0 | D:1      | Reached XP level 1. HP: 13/13 MP: 3/3
   361 | D:1      | Gained mutation: You are partially covered in thin metallic
                  | scales. (AC +2) [demonic ancestry]
   361 | D:1      | Reached XP level 2. HP: 19/19 MP: 3/5
  1272 | D:2      | Reached XP level 3. HP: 24/24 MP: 3/7
  1406 | D:2      | Noticed Sigmund
  1714 | D:2      | Killed Sigmund
  1715 | D:2      | Reached skill level 5 in Necromancy
  1715 | D:2      | Gained mutation: You regenerate a little health from kills.
                  | [demonic ancestry]
  1715 | D:2      | Reached XP level 4. HP: 30/30 MP: 1/10
  1715 | D:2      | Reached XP level 5. HP: 35/35 MP: 1/11
  2031 | D:2      | Found Zumez's Magic Scroll Shop.
  2039 | D:2      | Bought a scroll of identify for 26 gold pieces
  2039 | D:2      | Bought a scroll of teleportation for 39 gold pieces
  2149 | D:2      | Noticed Jessica
  2158 | D:2      | Learned a level 4 spell: Animate Dead
  2165 | D:2      | Killed Jessica
  2664 | D:2      | Found a runed translucent door.
  2665 | D:2      | Noticed Crazy Yiuf
  3050 | D:3      | Found a broken altar of Ashenzari.
  3257 | D:3      | Found a runed translucent gate.
  3257 | D:3      | Found a runed translucent gate.
  3257 | D:3      | Found a runed translucent gate.
  3332 | D:3      | Noticed tilp's ghost (novice MeFi)
  3464 | D:3      | Reached XP level 6. HP: 41/41 MP: 11/13
  3476 | D:3      | Reached skill level 5 in Spellcasting
  4505 | D:4      | Found Rerathruoj's Book Shop.
  4635 | D:4      | Reached XP level 7. HP: 26/41 MP: 15/15
  4763 | D:4      | Reached skill level 1 in Ice Magic
  5319 | D:5      | Entered Level 5 of the Dungeon
  5851 | D:5      | Gained mutation: You have sharp fingernails. [demonic
                  | ancestry]
  5851 | D:5      | Reached XP level 8. HP: 49/52 MP: 14/18
  6397 | D:6      | Found a staircase to the Ecumenical Temple.
  6407 | Temple   | Entered the Ecumenical Temple
  6413 | Temple   | Became a worshipper of Kikubaaqudgha
  6504 | D:6      | Noticed Grinder
  6525 | D:6      | Paralysed by Grinder for 3 turns
  6532 | D:6      | Paralysed by Grinder for 4 turns
  6539 | D:6      | Paralysed by Grinder for 2 turns
  6551 | D:6      | Killed from afar by Grinder

Illustrated notes

Levels and vault maps discovered:
D:1:      tarquinn_simple_flora_water_a, layout_loops_corners
D:2:      layout_loops_ring, serial_shops, shop, uniq_sigmund,
          uniq_crazy_yiuf_cottage, uniq_jessica
D:3:      minmay_recursive_quarters, layout_loops_corners, marbit_many_paths,
          ebering_ghost_rock_garden
D:4:      layout_loops_ring, serial_shops, nicolae_take_the_stairs,
          wad_floor_pattern_1
D:5:      layout_loops_ring
D:6:      layout_gridville, gammafunk_temple_overflow_claw,
          mainiacjoe_overflow_alcove_1, minmay_temple_entry_slanted,
          uniq_grinder, uniq_pikel, uniq_duvessa
Temple:   sentei_temple_godly_chess

Skill      XL: |  1  2  3  4  5  6  7  8 |
---------------+-------------------------+-----
Spellcasting   | 3 4 5 6 7 |  7.4
Necromancy     | 5 6 7 |  7.4
Ice Magic      | 2 3 |  3.0
Dodging        | |  1.7
Stealth        | |  1.7

Action                     |  1- 3 |  4- 6 |  7- 9 || total
---------------------------+-------+-------+-------++-------
  Melee: Hand axe          |     4 |       |       ||     4
         Dagger            |       |    74 |       ||    74
         Punch             |       |     2 |       ||     2
         Short sword       |       |       |    70 ||    70
   Cast: Necrotise         |    59 |    84 |    65 ||   208
         Animate Dead      |       |       |     3 ||     3
    Use: Scroll            |       |     3 |       ||     3
         Potion            |       |       |     1 ||     1
   Stab: Distracted        |       |       |     1 ||     1
 Armour: Robe              |    10 |    30 |    25 ||    65
  Dodge: Dodged            |    15 |    47 |    45 ||   107

Table legend: (Time is in decaauts)
 A = Elapsed time spent in this place.
 B = Non-inter-level travel time spent in this place.
 C = Inter-level travel time spent in this place.
 D = Time resting spent in this place.
 E = Time spent auto-exploring this place.
 F = Levels seen in this place.
 G = Mean time per level.
                   A        B        C        D        E       F      G
               +--------+--------+--------+--------+--------+-----+--------+
         Total |   6553 |   6054 |    499 |      0 |   5078 |   7 |  936.1 |
       Dungeon |   6540 |   6041 |    499 |      0 |   5078 |   6 | 1090.0 |
        Temple |     12 |     12 |      0 |      0 |      0 |   1 |   12.0 |
               +--------+--------+--------+--------+--------+-----+--------+

Top non-repeatable levels by time:
     D:1: 1490 daAuts
     D:3: 1371 daAuts
     D:2: 1319 daAuts
     D:4: 1141 daAuts
     D:5: 894 daAuts
     D:6: 323 daAuts
  Temple: 12 daAuts
